 Dungeon Crawl Stone Soup version 0.22-a0-93-g6b88ebb (webtiles) character file.

217240 solxrula the Shatterer (level 18, -4/182 HPs)
             Began as a Troll Berserker on Dec 25, 2017.
             Was the Champion of Trog.
             Slain by a death scarab (21 damage)
             ... on level 4 of the Spider Nest on Jan 25, 2018.
             The game lasted 03:31:46 (29748 turns).

solxrula the Shatterer (Troll Berserker)           Turns: 29748, Time: 03:31:47

Health: -4/182     AC: 19    Str: 43      XL:     18   Next: 38%
Magic:  22/22      EV: 15    Int:  3      God:    Trog [******]
Gold:   2626       SH:  0    Dex: 15 (16) Spells: 17/17 levels left

rFire    . . .     SeeInvis +   R - +7 giant spiked club "Maoraroi" {flame, +Blink rPois}
rCold    + + +     Gourm    +   (shield currently unavailable)
rNeg     + . .     Faith    .   b - quicksilver dragon scales
rPois    +         Spirit   .   A - +2 hat {SInv}
rElec    .         Reflect  .   m - +2 cloak
rCorr    .         Harm     .   (gloves unavailable)
MR       ++++.                  (boots unavailable)
Stlth    ++........             x - amulet of magic regeneration
HPRegen  1.80/turn              r - ring "Vexolup" {rC+ Str+4 Dex+4}
MPRegen  0.43/turn              q - ring "Dimp" {rF- rC+ rN+ Str+4 Slay+2}

@: berserk cooldown, regenerating, slowed, very slow
A: large, unfitting armour, antennae 1, claws 3, cold resistance 1,
deterioration 1, fire resistance 1, fast metabolism 3, gourmand, sense
surroundings 1, regeneration 1, shaggy fur 1, strong 1, tough skin 2, subdued
magic 1
}: 1/15 runes: decaying
a: Berserk, Trog's Hand, Brothers in Arms, Burn Spellbooks, Renounce Religion,
Evoke Blink


You were on level 4 of the Spider Nest.
You worshipped Trog.
Trog was exalted by your worship.
You were not hungry.

You visited 7 branches of the dungeon, and saw 33 of its levels.
You visited the Abyss 1 time.

You collected 2626 gold pieces.

Inventory:

Hand Weapons
 a - the +10 dire flail of Victory {crush, Str+4}
   (You acquired it on level 5 of the Dungeon)

   It inflicts extra damage upon your enemies.
   It affects your strength (+4).
 L - a +4 antimagic giant spiked club
 R - the +7 giant spiked club "Maoraroi" (weapon) {flame, +Blink rPois}
   (Trog gifted it to you on level 4 of the Swamp)

   It has been specially enchanted to burn those struck by it, causing extra
   injury to most foes and up to half again as much damage against particularly
   susceptible opponents.
   It protects you from poison.
   It lets you blink.
Missiles
 Q - 14 large rocks (quivered)
Armour
 b - quicksilver dragon scales (worn)
 m - a +2 cloak (worn)
 A - a +2 hat of see invisible (worn)
Jewellery
 l - a +3 ring of protection
 q - the ring "Dimp" (right claw) {rF- rC+ rN+ Str+4 Slay+2}
   (You found it on level 2 of the Swamp)

   [ring of strength]

   It affects your strength (+4).
   It affects your accuracy and damage with ranged weapons and melee attacks
   (+2).
   It makes you vulnerable to fire.
   It protects you from cold.
   It protects you from negative energy.
 r - the ring "Vexolup" (left claw) {rC+ Str+4 Dex+4}
   (You found it on level 3 of the Spider Nest)

   [ring of protection from cold]

   It affects your strength (+4).
   It affects your dexterity (+4).
   It protects you from cold.
 t - an uncursed ring of protection from magic
 v - an uncursed ring of protection from cold
 w - a +3 ring of dexterity
 x - an amulet of magic regeneration (around neck)
 T - the ring "Baenla Keadgh" {+Fly MR+++ MP+9 Str-5 Int-4}
   (You found it on level 4 of the Swamp)

   [ring of flight]

   It affects your strength (-5).
   It affects your intelligence (-4).
   It affects your resistance to hostile enchantments.
   It affects your magic capacity (+9).
   It lets you fly.
 V - an uncursed ring of flight
Wands
 g - a wand of clouds (4)
 i - a wand of random effects (5)
 H - a wand of flame (35)
 I - a wand of digging (9)
 K - a wand of enslavement (41)
 N - a wand of disintegration (42)
 W - a wand of polymorph (8)
 Y - a wand of paralysis (23)
Scrolls
 d - 7 scrolls of teleportation
 j - 3 scrolls of fear
 k - 7 scrolls of magic mapping
 p - a scroll of blinking
 y - 9 scrolls of remove curse
 C - 4 scrolls of identify
 J - 6 scrolls of enchant weapon
 U - 2 scrolls of enchant armour
Potions
 e - 2 potions of lignification
 f - a potion of ambrosia
 h - a potion of berserk rage {unknown}
 n - a potion of magic {unknown}
 o - 5 potions of agility
 s - 3 potions of flight
 z - 3 potions of cancellation
 B - 5 potions of might
 F - 3 potions of brilliance
 S - 2 potions of curing
Books
 u - a book of Debilitation

   Spells                             Type                      Level
   a - Corona                         Hexes                        1
   b - Slow                           Hexes                        2
   c - Inner Flame                    Hexes/Fire                   3
   d - Portal Projectile              Hexes/Translocation          3
   e - Cause Fear                     Hexes                        4
   f - Leda's Liquefaction            Hexes/Earth                  4
   Trog disapproves of the use of such an item.
 D - a book of Cantrips

   Spells                             Type                      Level
   a - Confusing Touch                Hexes                        1
   b - Animate Skeleton               Necromancy                   1
   c - Summon Small Mammal            Summoning                    1
   d - Apportation                    Translocation                1
   Trog disapproves of the use of such an item.
 E - a Fen Folio

   Spells                             Type                      Level
   a - Corpse Rot                     Necromancy                   2
   b - Stone Arrow                    Conjuration/Earth            3
   c - Leda's Liquefaction            Hexes/Earth                  4
   d - Summon Forest                  Summoning/Translocation      5
   e - Hydra Form                     Transmutation                6
   f - Summon Hydra                   Summoning                    7
   Trog disapproves of the use of such an item.
 G - a book of Beasts

   Spells                             Type                      Level
   a - Summon Butterflies             Summoning                    1
   b - Call Canine Familiar           Summoning                    3
   c - Summon Ice Beast               Ice/Summoning                4
   d - Summon Mana Viper              Hexes/Summoning              5
   e - Summon Hydra                   Summoning                    7
   Trog disapproves of the use of such an item.
 M - a book of Flames

   Spells                             Type                      Level
   a - Flame Tongue                   Conjuration/Fire             1
   b - Throw Flame                    Conjuration/Fire             2
   c - Conjure Flame                  Conjuration/Fire             3
   d - Inner Flame                    Hexes/Fire                   3
   e - Sticky Flame                   Conjuration/Fire             4
   f - Fireball                       Conjuration/Fire             5
   Trog disapproves of the use of such an item.
 O - a book of Callings

   Spells                             Type                      Level
   a - Summon Small Mammal            Summoning                    1
   b - Call Imp                       Summoning                    2
   c - Call Canine Familiar           Summoning                    3
   d - Summon Guardian Golem          Hexes/Summoning              3
   e - Summon Lightning Spire         Summoning/Air                4
   f - Summon Ice Beast               Ice/Summoning                4
   Trog disapproves of the use of such an item.
 P - a book of Flames

   Spells                             Type                      Level
   a - Flame Tongue                   Conjuration/Fire             1
   b - Throw Flame                    Conjuration/Fire             2
   c - Conjure Flame                  Conjuration/Fire             3
   d - Inner Flame                    Hexes/Fire                   3
   e - Sticky Flame                   Conjuration/Fire             4
   f - Fireball                       Conjuration/Fire             5
   Trog disapproves of the use of such an item.
 X - a book of Necromancy

   Spells                             Type                      Level
   a - Pain                           Necromancy                   1
   b - Animate Skeleton               Necromancy                   1
   c - Vampiric Draining              Necromancy                   3
   d - Regeneration                   Charms/Necromancy            3
   e - Animate Dead                   Necromancy                   4
   Trog disapproves of the use of such an item.
Comestibles
 c - 32 rations


   Skills:
 - Level 12.1 Fighting
 - Level 22.0 Maces & Flails
 - Level 5.0 Throwing
 - Level 5.5 Armour
 - Level 9.1 Dodging
 - Level 3.5 Stealth
 * Level 7.3 Evocations


You had 17 spell levels left.
You didn't know any spells.

Dungeon Overview and Level Annotations

Branches:
Dungeon (15/15)            Temple (1/1) D:5            Lair (6/6) D:9
  Swamp (4/4) Lair:2       Spider (4/4) Lair:4        Slime (0/5) Lair:6
    Orc (2/2) D:12            Elf (0/3) Orc:2        Vaults (0/5) D:14
 Depths (1/5) D:15

Altars:
Ashenzari
Cheibriados
Elyvilon
Gozag
Kikubaaqudgha
Nemelex Xobeh
Qazlal
Trog
Uskayaw
Vehumet
Xom
Yredelemnul
Beogh
Jiyva

Shops:
D:13 *   Orc:2 =[(:

Portals:
Trove: D:15 (give 10 potions of heal wounds)

Annotations:
Lair:5 exclusion: oklob plant
Spider:3 exclusion: Roxanne, Roxanne


Innate Abilities, Weirdness & Mutations

You are too large for most types of armour.
You have claws for hands.
Your metabolism is lightning-fast.
You like to eat raw meat.
Your natural rate of healing is unusually fast.
You are covered in fur. (AC +1)
You have very tough skin. (AC +2)
You have a pair of small antennae on your head.
Your flesh is cold resistant. (rC+)
Your body sometimes deteriorates upon taking damage.
Your flesh is heat resistant. (rF+)
You passively map a small area around you.
Your muscles are strong. (Str +2)
Your spells are a little easier to cast, but a little less powerful.


Message History

The death scarab drains your vigour!
You feel as though you will be slow longer.
The death scarab draws strength from your injuries!
Your cyclops goes berserk!
You feel somewhat more hungry. The death scarab misses you.
The death scarab bites your cyclops!
The death scarab drains your cyclops's vigour!
Your cyclops seems to slow down.
The death scarab bites your cyclops!
The spectral redback closely misses you.
The death scarab bites your cyclops!! The spectral redback misses you.
The death scarab bites your cyclops! The death scarab bites you.
* * * LOW HITPOINT WARNING * * *
The death scarab drains your vigour!
You feel as though you will be slow longer.
The death scarab draws strength from your injuries!
The spectral redback bites you but does no damage.
The death scarab bites you!!
You die...

≈.....................≈≈###^.....
#.....................≈≈.##......
.###################.#≈≈.#*,,,*,*
.#.#^..{Z...#......#.≈≈≈^#*,,,,,,
.#...............#.#.≈≈..#*,,,,,,
.#......Zs........C#≈≈...#**,,,,,
.#Z..###ssZ''###Z..##≈...#**,,,,,
.##..#.ZZZZ....#...#≈≈...#*,,,,,*
.#...#..ZZZ....#@s.#≈≈≈#.#**,****
.#...#.........#...#≈≈≈..# ***
.#...#{...Zs...##..#≈≈≈..#
.#..##^........#...#.≈≈≈.#
≈#^†.#.........#...##.≈≈.#
≈#...#{*******,#...#..≈≈.#
≈#...#,,,,,,,,,#..##..≈#≈#
##...###########...#^?≈≈≈#
≈#.....##≈..#≈.....#.).≈≈#


You could see a spectral redback, a death scarab and a friendly cyclops
(berserk).

Vanquished Creatures
  2 tentacled starspawn (Abyss:2)
  Gastronok (Lair:3)
  3 thorn hunters
  Donald (Orc:2)
  The ghost of amavritansky the Bludgeoner, a journeyman MiFi of Okawaru (Swamp:1)
  2 ghost moths
  9 emperor scorpions
  3 very ugly things (Swamp:4)
  A stone giant (D:15)
  4 entropy weavers
  The ghost of Firecrotchwizard the Cleaver, a journeyman DDFi of Makhleb (Lair:2)
  Nessos (Lair:5)
  41 slime creatures
  3 spark wasps
  2 green deaths (Swamp:4)
  Josephine (D:12)
  2 death oozes (Swamp:4)
  Erolcha (D:9)
  8 vault guards (D:14)
  2 ghost crabs (Swamp:4)
  A hell beast (Swamp:4)
  2 centaur warriors (D:14)
  A merfolk avatar (Lair:6)
  22 hydras
  A catoblepas (Lair:6)
  4 two-headed ogres
  6 alligators
  4 death scarabs (Spider:4)
  6 death yaks
  A queen ant (Spider:1)
  17 spriggans
  A thrashing horror (Abyss:2)
  3 orc high priests (Orc:2)
  A wretched star (Abyss:2)
  Sonja (Lair:3)
  An iron troll (shapeshifter) (D:15)
  A sixfirhy (Abyss:2)
  A spectral emperor scorpion (Spider:4)
  A glowing orange brain (D:15)
  4 spriggan druids
  An unseen horror (D:13)
  6 orc knights
  A shambling mangrove (Swamp:1)
  2 wolf spider zombies (Spider:4)
  6 swamp dragons
  15 orb spiders
  2 spectral wolf spiders (Spider:4)
  4 orc sorcerers
  5 ugly things
  2 cyclopes
  A manticore (D:14)
  A worldbinder (Abyss:2)
  A moth of wrath (Spider:4)
  2 deep elf magi
  18 wolf spiders
  7 elephants
  An apocalypse crab (Abyss:2)
  An eye of devastation (shapeshifter) (D:15)
  A black mamba (Lair:4)
  18 spiny frogs
  2 torpor snails
  A smoke demon (Abyss:2)
  A spectral redback (Spider:4)
  An orange demon (Swamp:4)
  9 rime drakes
  11 komodo dragons
  3 yaktaurs (D:15)
  13 demonic crawlers
  2 efreet
  7 trolls
  34 jumping spiders
  A wind drake (Lair:6)
  27 hornets
  A tarantella zombie (Spider:4)
  3 jumping spider zombies (Spider:4)
  Prince Ribbit (D:5)
  4 spectral jumping spiders (Spider:4)
  3 spectral tarantellas (Spider:4)
  7 tyrant leeches
  4 polar bears
  10 hippogriffs
  10 bog bodies
  13 blink frogs
  4 large abominations
  Sigmund (D:2)
  11 starcursed masses (Abyss:2)
  7 shadows
  68 redbacks
  Eustachio (D:6)
  5 wraiths
  19 tarantellas
  2 vampires
  A ynoxinul (Abyss:2)
  A human (D:7)
  6 basilisks
  3 wyverns (Lair:6)
  3 hogs (D:7)
  4 hungry ghosts
  2 fire bats (Abyss:2)
  29 yaks
  31 vampire mosquitoes
  2 chaos spawn (Abyss:2)
  Menkaure (D:6)
  6 insubstantial wisps
  22 swamp worms
  13 water moccasins
  2 acid dragons (D:14)
  24 soldier ants
  Duvessa (D:6)
  6 swamp drakes
  6 porcupines
  6 ice beasts
  26 orc warriors
  4 spectral hornets (Spider:4)
  3 sky beasts
  A hornet zombie (Spider:4)
  A black bear (D:9)
  An eye of draining (shapeshifter) (D:13)
  13 ogres
  6 wolves (Lair:3)
  2 phantoms (D:3)
  8 centaurs
  A centaur (shapeshifter) (D:15)
  13 crocodiles
  A big kobold (D:13)
  13 bullfrogs
  A wyvern zombie (D:12)
  4 small abominations
  Dowan (D:6)
  4 scorpions
  6 wights
  The ghost of Heh the Chiller, a weakling MfIE (D:3)
  2 howler monkeys (D:14)
  5 electric eels
  8 crimson imps
  A centaur zombie (D:5)
  A quasit (D:8)
  4 jellies
  A gnoll shaman (D:4)
  A bullfrog skeleton (D:13)
  4 centaur skeletons
  15 orc priests
  7 hounds
  35 orc wizards
  An iron imp (Abyss:2)
  Jessica (D:3)
  6 iguanas
  24 worker ants
  A hound zombie (D:10)
  A worker ant zombie (D:11)
  8 gnolls
  16 adders
  A howler monkey skeleton (D:11)
  8 shadow imps
  An ufetubus (Abyss:2)
  An ooze (D:1)
  4 worms
  2 dart slugs
  3 leopard geckos
  90 orcs
  9 bats
  5 giant cockroaches
  12 goblins
  4 hobgoblins
  16 jackals
  12 kobolds
  10 quokkas
  8 frilled lizards
  A leopard gecko zombie (D:5)
  A quokka skeleton (D:8)
  3 rats
  A starspawn tentacle (Abyss:2)
1162 creatures vanquished.

Vanquished Creatures (others)
  An ugly thing (Swamp:4)
  The ghost of sirnathan the Chopper, a novice DsGl of Okawaru (D:5)
  A blink frog (Swamp:2)
  2 swamp drakes (Swamp:4)
  An orc warrior (Orc:2)
  2 orc priests
  An orc wizard (D:5)
  An orc (D:5)
  A quokka (D:15)
  15 fungi
  A lurking horror (Abyss:2)
  32 plants (Lair:6)
  8 starspawn tentacles (Abyss:2)
67 creatures vanquished.

Grand Total: 1229 creatures vanquished

Notes
Turn   | Place    | Note
-------+----------+-------------------------------------------
     0 | D:1      | solxrula the Troll Berserker began the quest for the Orb.
     0 | D:1      | Reached XP level 1. HP: 22/22 MP: 0/0
   122 | D:1      | Reached XP level 2. HP: 29/29 MP: 1/1
   125 | D:1      | Reached skill level 3 in Maces & Flails
   511 | D:2      | Reached XP level 3. HP: 33/36 MP: 2/2
   525 | D:2      | Reached ** piety under Trog
  1006 | D:2      | Noticed Sigmund
  1022 | D:2      | Killed Sigmund
  1022 | D:2      | Reached skill level 5 in Maces & Flails
  1022 | D:2      | Reached XP level 4. HP: 44/44 MP: 3/3
  1022 | D:2      | Reached XP level 5. HP: 52/52 MP: 4/4
  1108 | D:3      | Noticed Heh's ghost (weakling MfIE)
  1114 | D:3      | Killed Heh's ghost
  1162 | D:3      | Noticed a phantom
  1170 | D:3      | Reached XP level 6. HP: 51/59 MP: 5/5
  1305 | D:3      | Noticed Jessica
  1316 | D:3      | Killed Jessica
  1432 | D:3      | Reached skill level 6 in Maces & Flails
  1681 | D:3      | Found an ancient bone altar of Kikubaaqudgha.
  1701 | D:3      | Reached *** piety under Trog
  1868 | D:3      | Reached XP level 7. HP: 67/67 MP: 6/6
  1924 | D:3      | Found a bloodstained altar of Trog.
  2230 | D:4      | Reached skill level 7 in Maces & Flails
  2686 | D:5      | Entered Level 5 of the Dungeon
  2697 | D:5      | Killed sirnathan's ghost
  2799 | D:5      | Reached XP level 8. HP: 72/78 MP: 7/7
  2810 | D:5      | Reached **** piety under Trog
  2999 | D:5      | Found a sparkling altar of Nemelex Xobeh.
  3021 | D:5      | Found a stormy altar of Qazlal.
  3242 | D:5      | Reached skill level 8 in Maces & Flails
  3246 | D:5      | Found a radiant altar of Vehumet.
  3532 | D:5      | Found a staircase to the Ecumenical Temple.
  3556 | D:5      | Identified a scroll of acquirement
  3559 | D:5      | Got an ebony dire flail
  3560 | D:5      | Identified the +10 dire flail of Victory {crush, Str+4} (You acquired it on level 5 of the Dungeon)
  3570 | D:6      | Noticed Prince Ribbit
  3588 | D:5      | Killed Prince Ribbit
  3706 | D:6      | Noticed Menkaure
  3725 | D:6      | Killed Menkaure
  3725 | D:6      | Reached skill level 9 in Maces & Flails
  3786 | D:6      | Noticed Duvessa
  3809 | D:6      | Killed Duvessa
  3816 | D:6      | Noticed Dowan
  3879 | D:6      | Noticed Eustachio
  3909 | D:6      | Killed Eustachio
  3909 | D:6      | Reached XP level 9. HP: 84/84 MP: 8/8
  4054 | D:6      | Noticed a hand axe
  4054 | D:6      | Noticed a dagger
  4062 | D:6      | Reached ***** piety under Trog
  4065 | D:6      | Found a hide-covered altar of Uskayaw.
  4151 | D:6      | Found a white marble altar of Elyvilon.
  4184 | D:6      | Killed Dowan
  4184 | D:6      | Reached skill level 10 in Maces & Flails
  4235 | D:6      | Found a glowing drain.
  4268 | D:6      | Found a basalt altar of Yredelemnul.
  4294 | D:6      | Found an opulent altar of Gozag.
  4330 | D:6      | Gained mutation: You tend to lose your temper in combat. [potion of mutation]
  4330 | D:6      | Gained mutation: You have a pair of small horns on your head. [potion of mutation]
  4330 | D:6      | Gained mutation: Your mind is acute. (Int +2) [potion of mutation]
  4333 | D:6      | Lost mutation: You tend to lose your temper in combat. [potion of mutation]
  4333 | D:6      | Lost mutation: Your mind is acute. (Int +2) [potion of mutation]
  4333 | D:6      | Lost mutation: You have a pair of small horns on your head. [potion of mutation]
  4333 | D:6      | Gained mutation: Your flesh is heat resistant. (rF+) [potion of mutation]
  4333 | D:6      | Gained mutation: You evolve. [potion of mutation]
  4333 | D:6      | Gained mutation: Your spells are a little easier to cast, but a little less powerful. [potion of mutation]
  4333 | D:6      | Gained mutation: Your muscles are strong. (Str +2) [potion of mutation]
  4515 | D:7      | Found a shimmering altar of Xom.
  4726 | D:7      | Reached skill level 1 in Stealth
  4739 | D:7      | Reached skill level 11 in Maces & Flails
  4962 | D:7      | Gained mutation: Your body sometimes deteriorates upon taking damage. [evolution]
  5138 | D:8      | Received a gift from Trog
  5459 | D:9      | Noticed Erolcha
  5475 | D:9      | Killed Erolcha
  5475 | D:9      | Reached skill level 5 in Fighting
  5475 | D:9      | Reached skill level 5 in Dodging
  5475 | D:9      | Reached XP level 10. HP: 96/96 MP: 9/9
  5543 | D:9      | Reached skill level 12 in Maces & Flails
  5686 | D:9      | Found a staircase to the Lair.
  5705 | D:9      | Noticed an elephant
  5725 | D:9      | Killed an elephant
  5833 | D:9      | Found a snail-covered altar of Cheibriados.
  5990 | D:9      | Noticed a two-headed ogre
  5996 | D:9      | Killed a two-headed ogre
  5996 | D:9      | Reached skill level 13 in Maces & Flails
  6278 | D:10     | Entered Level 10 of the Dungeon
  6346 | D:10     | Received a gift from Trog
  6420 | D:10     | Found a shimmering altar of Xom.
  6475 | D:10     | Noticed a two-headed ogre
  6484 | D:10     | Killed a two-headed ogre
  6484 | D:10     | Reached XP level 11. HP: 65/105 MP: 10/10
  7081 | D:11     | Noticed a red ugly thing
  7096 | D:10     | Killed a red ugly thing
  7307 | D:11     | Paralysed by a hornet for 1 turns
  7827 | D:12     | Noticed a deep elf mage
  7858 | D:12     | Killed a deep elf mage
  8037 | D:12     | Found a staircase to the Orcish Mines.
  8147 | D:12     | Noticed Josephine
  8155 | D:12     | Killed Josephine
  8155 | D:12     | Reached skill level 14 in Maces & Flails
  8160 | D:12     | Received a gift from Trog
  8648 | D:12     | Gained mutation: You have a pair of small antennae on your head. [evolution]
  8741 | D:13     | Found an opulent altar of Gozag.
  8793 | D:13     | Reached skill level 1 in Armour
  8870 | D:13     | Noticed a two-headed ogre
  8872 | D:13     | Killed a two-headed ogre
  8873 | D:13     | Noticed a deep elf mage
  8880 | D:13     | Killed a deep elf mage
  8915 | D:13     | Found Paorutre's Assorted Antiques.
  8960 | D:13     | Noticed a purple ugly thing
  8976 | D:13     | Killed a purple ugly thing
  8976 | D:13     | Reached XP level 12. HP: 106/115 MP: 11/11
  9305 | D:13     | Received a gift from Trog
  9361 | D:13     | Noticed a seven-headed hydra
  9368 | D:13     | Killed a seven-headed hydra
  9512 | D:13     | Reached skill level 15 in Maces & Flails
  9729 | D:14     | Found an ancient bone altar of Kikubaaqudgha.
  9755 | D:14     | Noticed a centaur warrior
  9764 | D:14     | Killed a centaur warrior
  9799 | D:14     | Noticed a vault guard
  9802 | D:14     | Noticed a vault guard
  9805 | D:14     | Noticed a vault guard
  9806 | D:14     | Killed a vault guard
  9816 | D:14     | Killed a vault guard
  9822 | D:14     | Killed a vault guard
  9833 | D:14     | Found a gate to the Vaults.
  9869 | D:14     | Noticed a vault guard
  9880 | D:14     | Killed a vault guard
  9880 | D:14     | Reached ****** piety under Trog
  9905 | D:14     | Noticed a four-headed hydra
  9908 | D:14     | Killed a four-headed hydra
  9922 | D:14     | Noticed a vault guard
  9926 | D:14     | Noticed a vault guard
  9936 | D:14     | Killed a vault guard
  9937 | D:14     | Noticed a vault guard
  9941 | D:14     | Killed a vault guard
  9941 | D:14     | Reached XP level 13. HP: 65/128 MP: 12/12
  9949 | D:14     | Reached skill level 1 in Evocations
 10026 | D:14     | Received a gift from Trog
 10366 | D:15     | Entered Level 15 of the Dungeon
 10528 | D:15     | Found a portal to a secret trove of treasure.
 10663 | D:15     | Found a labyrinth entrance.
 10721 | D:15     | Reached skill level 16 in Maces & Flails
 10854 | D:15     | Found a white marble altar of Elyvilon.
 11255 | D:15     | Found a staircase to the Depths.
 11355 | Depths:1 | Entered Level 1 of the Depths
 11355 | Depths:1 | Noticed a stone giant
 11358 | Depths:1 | Noticed a tengu reaver
 11361 | D:15     | Killed a stone giant
 11400 | D:15     | Noticed a sphinx
 11400 | D:15     | a death yak changed into a sphinx
 11403 | D:15     | Noticed a stone giant
 11403 | D:15     | a sphinx changed into a stone giant
 11404 | D:15     | Noticed a sphinx
 11404 | D:15     | a stone giant changed into a sphinx
 11406 | D:15     | a sphinx changed into an iron troll
 11590 | Lair:1   | Entered Level 1 of the Lair of Beasts
 11637 | Lair:1   | Gained mutation: You passively map a small area around you. [evolution]
 12215 | Lair:2   | Noticed Firecrotchwizard's ghost (journeyman DDFi)
 12240 | Lair:2   | Killed Firecrotchwizard's ghost
 12843 | Lair:2   | Found a staircase to the Swamp.
 12884 | Lair:2   | Received a gift from Trog
 13159 | Lair:3   | Noticed Gastronok
 13186 | Lair:3   | Killed Gastronok
 13186 | Lair:3   | Reached skill level 10 in Fighting
 13192 | Lair:3   | Noticed Sonja
 13206 | Lair:3   | Cast into level 2 of the Abyss (Sonja)
 13289 | Abyss:2  | Reached XP level 14. HP: 115/143 MP: 14/14
 13292 | Abyss:2  | Noticed a starcursed mass
 13319 | Abyss:2  | Received a gift from Trog
 13388 | Abyss:2  | Noticed a starcursed mass
 13410 | Abyss:2  | Noticed a tentacled starspawn
 13428 | Abyss:2  | Killed a tentacled starspawn
 13462 | Abyss:2  | Noticed a balrug
 13510 | Abyss:2  | Noticed a starcursed mass
 13608 | Abyss:2  | Noticed a tentacled starspawn
 13622 | Abyss:2  | Killed a tentacled starspawn
 13622 | Abyss:2  | Received a gift from Trog
 13622 | Abyss:2  | Reached skill level 17 in Maces & Flails
 13663 | Lair:3   | Escaped the Abyss
 13676 | Lair:3   | Killed Sonja
 14928 | Lair:4   | Found a hole to the Spider Nest.
 14971 | Lair:4   | Found a runed door.
 15684 | Lair:5   | Noticed Nessos
 15701 | Lair:5   | Killed Nessos
 16105 | Lair:5   | Found a shattered altar of Ashenzari.
 16226 | Lair:6   | Entered Level 6 of the Lair of Beasts
 16308 | Lair:6   | Gained mutation: Your flesh is cold resistant. (rC+) [evolution]
 16308 | Lair:6   | Lost mutation: You evolve. [end of evolution]
 16320 | Lair:6   | Reached skill level 5 in Armour
 16410 | Lair:6   | Reached XP level 15. HP: 152/152 MP: 15/15
 16462 | Lair:6   | Received a gift from Trog
 16555 | Lair:6   | Paralysed by a hornet for 3 turns
 16623 | Lair:6   | Reached skill level 18 in Maces & Flails
 16838 | Lair:6   | Found a staircase to the Slime Pits.
 16838 | Lair:6   | Found a viscous altar of Jiyva.
 17605 | D:6      | Upgraded the game from 0.21-a0-630-g344d351 to 0.22-a0-93-g6b88ebb
 17785 | Temple   | Entered the Ecumenical Temple
 17989 | Swamp:1  | Entered Level 1 of the Swamp
 18042 | Swamp:1  | Noticed amavritansky's ghost (journeyman MiFi)
 18066 | Swamp:1  | Killed amavritansky's ghost
 18066 | Swamp:1  | Reached skill level 1 in Throwing
 18071 | Swamp:1  | Received a gift from Trog
 18465 | Swamp:1  | Paralysed by a hornet for 2 turns
 19133 | Swamp:2  | Received a gift from Trog
 19177 | Swamp:2  | Noticed a thorn hunter
 19183 | Swamp:2  | Killed a thorn hunter
 19272 | Swamp:2  | Got a brightly glowing wooden ring
 19508 | Swamp:2  | Reached XP level 16. HP: 80/165 MP: 16/16
 19554 | Swamp:2  | HP: 8/165 [poison (poison gas)]
 19559 | Swamp:2  | HP: 8/165 [poison (poison gas)]
 19810 | Swamp:2  | Received a gift from Trog
 19819 | Swamp:2  | Identified the ring "Dimp" {rF- rC+ rN+ Str+4 Slay+2} (You found it on level 2 of the Swamp)
 21036 | Swamp:4  | Entered Level 4 of the Swamp
 21057 | Swamp:4  | Reached skill level 5 in Throwing
 21080 | Swamp:4  | Received a gift from Trog
 21083 | Swamp:4  | Got a dazzling giant spiked club {god gift}
 21084 | Swamp:4  | Identified the +7 giant spiked club "Maoraroi" {flame, +Blink rPois} (Trog gifted it to you on level 4 of the Swamp)
 21127 | Swamp:4  | Noticed a thorn hunter
 21133 | Swamp:4  | Killed a thorn hunter
 21276 | Swamp:4  | Reached skill level 19 in Maces & Flails
 21362 | Swamp:4  | Noticed a thorn hunter
 21372 | Swamp:4  | Killed a thorn hunter
 21475 | Swamp:4  | Got a sparkling silver ring
 22253 | Swamp:4  | Identified the ring "Baenla Keadgh" {+Fly MR+++ MP+9 Str-5 Int-4} (You found it on level 4 of the Swamp)
 22261 | Swamp:4  | Got a decaying rune of Zot
 22600 | Orc:1    | Entered Level 1 of the Orcish Mines
 22819 | Orc:1    | Found a roughly hewn altar of Beogh.
 23165 | Orc:2    | Entered Level 2 of the Orcish Mines
 23222 | Orc:2    | Noticed Donald
 23236 | Orc:2    | Killed Donald
 23354 | Orc:2    | Received a gift from Trog
 23582 | Orc:2    | Reached skill level 20 in Maces & Flails
 23625 | Orc:2    | Found a staircase to the Elven Halls.
 23828 | Orc:2    | Reached XP level 17. HP: 155/171 MP: 19/19
 24475 | Orc:2    | Found Noluuk's Weapon Emporium.
 24475 | Orc:2    | Found Kohuonn's Book Shop.
 24496 | Orc:2    | Found Sioguvimo's Jewellery Emporium.
 24496 | Orc:2    | Found Myggomap's Antique Armour Shop.
 24846 | Spider:1 | Entered Level 1 of the Spider Nest
 24947 | Spider:1 | Received a gift from Trog
 25132 | Spider:1 | Received a gift from Trog
 25370 | Spider:1 | Reached skill level 5 in Evocations
 25778 | Spider:1 | Received a gift from Trog
 26898 | Spider:2 | Reached skill level 21 in Maces & Flails
 27781 | Spider:3 | Noticed Roxanne
 27837 | Spider:3 | Got a steaming granite ring
 27947 | Spider:3 | Received a gift from Trog
 27958 | Spider:3 | Identified the ring "Vexolup" {rC+ Str+4 Dex+4} (You found it on level 3 of the Spider Nest)
 28386 | Spider:4 | Entered Level 4 of the Spider Nest
 28715 | Spider:4 | Reached XP level 18. HP: 182/182 MP: 21/21
 29323 | Spider:4 | Received a gift from Trog
 29367 | Spider:4 | Reached skill level 22 in Maces & Flails
 29748 | Spider:4 | Slain by a death scarab

Vault maps used:
D:1:      dpeg_arrival_renting
D:2:      cheibrodos_old_hovel, uniq_sigmund
D:3:      lemuel_coloured_pillars_altar, kiku_gazebo_pond_becter,
          kennysheep_jessica_study
D:5:      nemelex_xobeh_ov_fountains_minmay, fiery_altar_vehumet,
          minmay_temple_entry_poolview, first_ration,
          nicolae_qazlal_eye_of_the_storm
D:6:      lemuel_crystal_altar, dancing_weapons_uskayaw, kennysheep_little_box,
          kennysheep_mini, cheibrodos_sewer_entry_sluice, uniq_eustachio,
          uniq_duvessa, uniq_prince_ribbit1, uniq_menkaure
D:7:      xom_teletrap_fun, grunt_livestock
D:8:      cheibrodos_helix_gallery, kennysheep_nub
D:9:      david_lair_generic, grunt_ministairs_13, cheibriados_altar_1,
          uniq_erolcha
D:10:     kennysheep_six_static_rooms, basic_altar
D:11:     lemuel_upstairs_altar
D:12:     erik_orc_1, uniq_josephine
D:13:     serial_shops, shop, basic_altar
D:14:     erik_vaults_2, serial_bayou_shore_b, basic_altar, hex_large
D:15:     gammafunk_enter_depths_forms, enter_trove_1, elyvilon_altar_4,
          lab_entry_generic, lemuel_flamethrower_hall
Temple:   oiseaux_autumnal_temple
Lair:2:   nicolae_swamp_entry_splash_gauntlet, serial_bayou,
          serial_bayou_shore_b, serial_bayou_pond_e, serial_bayou_shore_a,
          serial_bayou_shore_b
Lair:3:   uniq_gastronok, uniq_sonja
Lair:4:   nicolae_spider_entry_orb_guardian, nicolae_quartered_pool_medium,
          serial_bayou_pond_e, pf_torpor_hydra, serial_bayou_shore_b,
          infiniplex_staircase_pool
Lair:5:   serial_bayou_pond_e, lemuel_oklob_altar, uniq_nessos
Lair:6:   gammafunk_lair_ancient_temple, slime_altar_1,
          hangedman_lair_unloving_vines
Swamp:1:  evilmike_swamp_ruin_house_2
Swamp:2:  evilmike_swamp_ruin_house_1, swamp_pool2
Swamp:3:  evilmike_swamp_ruin_house_5
Swamp:4:  swamp_vile
Spider:1: spider_trap, minivault_29
Spider:2: spider_trap
Spider:3: nicolae_spider_circle_web, spider_trap, uniq_roxanne
Spider:4: floodkiller_spider_rune_tomb
Orc:1:    basic_altar, serial_shops, shop, uniq_nergalle, uniq_urug
Orc:2:    grunt_orc_tribal_feast, uniq_donald
Depths:1: enter_ziggurat_e, roderic_lattice_a, grunt_pan_entry_zigzag,
          hell_entry, evilmike_minifort, uniq_asterion
Abyss:2:  hangedman_abyss_overflow_altar, hangedman_abyss_or_decor_lesser_grid

Skill      XL: |  1  2  3  4  5  6  7  8  9 10 11 12 13 14 15 16 17 18 |
---------------+-------------------------------------------------------+-----
Maces & Flails | 3 5 6 7 9 11 13 14 15 16 17 18 20 21 22 | 22.0
Dodging        | 3 4 5 6 7 8 9 |  9.1
Fighting       | 3 4 5 6 8 10 11 12 | 12.1
Stealth        | 1 2 3 |  3.5
Armour         | 1 3 4 5 |  5.5
Evocations     | 1 2 4 6 7 |  7.3
Throwing       | 4 5 |  5.0

Action                   |  1- 3 |  4- 6 |  7- 9 | 10-12 | 13-15 | 16-18 || total
-------------------------+-------+-------+-------+-------+-------+-------++-------
Melee: Mace              |   128 |    96 |   215 |       |       |       ||   439
       Dire flail        |       |       |   142 |   539 |   965 |   210 ||  1856
       Giant spiked club |       |       |       |       |       |   874 ||   874
Throw: Tomahawk          |       |       |       |       |    29 |       ||    29
       Large rock        |       |       |       |       |    41 |    73 ||   114
       Javelin           |       |       |       |       |    14 |       ||    14
Invok: Berserk           |     1 |     2 |     5 |     3 |     6 |     3 ||    20
       Burn Spellbooks   |       |       |       |       |       |     2 ||     2
       Trog's Hand       |       |       |       |       |       |     2 ||     2
       Brothers in Arms  |       |       |       |       |       |     1 ||     1
 Abil: Evoke Blink       |       |       |       |       |       |     2 ||     2
Evoke: Wand              |       |       |       |     8 |    26 |     1 ||    35
  Use: Scroll            |     8 |     1 |    12 |    14 |    12 |    18 ||    65
       Potion            |       |     1 |    10 |     3 |    10 |     3 ||    27
 Stab: Sleeping          |       |       |     2 |     2 |     3 |       ||     7
       Distracted        |       |       |       |       |     1 |     4 ||     5
       Confused          |       |       |       |       |     1 |       ||     1
  Eat: Chunk             |    15 |     9 |    37 |    55 |    64 |    25 ||   205
       Ration            |       |       |       |     1 |     7 |    22 ||    30
Armor: Animal skin       |    38 |    31 |   127 |    56 |       |       ||   252
       Troll leather arm |       |       |       |    77 |   344 |   396 ||   817
       Quicksilver drago |       |       |       |       |       |   186 ||   186
Dodge: Dodged            |    78 |    25 |   172 |   171 |   409 |   698 ||  1553

Table legend:
 A = Spawn XP
 B = Non-spawn XP
 C = Spawn XP percentage of total XP
 D = Spawn monster count
 E = Non-spawn monster count
 F = Spawn count percentage of total count
 G = Total turns spent on level
                    A         B        C        D         E        F      G
               +---------+---------+-------+---------+---------+-------+---------
         Total |    7928 |  315173 |   2.5 |      21 |    1143 |   1.8 | 29748
               +---------+---------+-------+---------+---------+-------+---------
           D:1 |       0 |      37 |   0.0 |       0 |      18 |   0.0 |   494
           D:2 |       0 |     282 |   0.0 |       0 |      23 |   0.0 |   614
           D:3 |       0 |     427 |   0.0 |       0 |      26 |   0.0 |   859
           D:4 |       0 |     534 |   0.0 |       0 |      23 |   0.0 |   719
           D:5 |       0 |     886 |   0.0 |       0 |      29 |   0.0 |  1015
           D:6 |       0 |    1534 |   0.0 |       0 |      25 |   0.0 |   780
           D:7 |       0 |    1308 |   0.0 |       0 |      23 |   0.0 |   659
           D:8 |       0 |     421 |   0.0 |       0 |      10 |   0.0 |   539
           D:9 |       0 |    5025 |   0.0 |       0 |      44 |   0.0 |  1063
          D:10 |       0 |    3559 |   0.0 |       0 |      27 |   0.0 |  1004
          D:11 |       0 |    1417 |   0.0 |       0 |      24 |   0.0 |   574
          D:12 |       0 |    4996 |   0.0 |       0 |      43 |   0.0 |  1157
          D:13 |       0 |    9557 |   0.0 |       0 |      51 |   0.0 |   966
          D:14 |       0 |   14973 |   0.0 |       0 |      33 |   0.0 |   756
          D:15 |       0 |    8283 |   0.0 |       0 |      26 |   0.0 |  1073
        Lair:1 |       0 |    2981 |   0.0 |       0 |      14 |   0.0 |   623
        Lair:2 |       0 |    4729 |   0.0 |       0 |      19 |   0.0 |  1136
        Lair:3 |       0 |   13656 |   0.0 |       0 |      40 |   0.0 |   755
        Lair:4 |       0 |   11650 |   0.0 |       0 |      29 |   0.0 |  1180
        Lair:5 |       0 |    2052 |   0.0 |       0 |       5 |   0.0 |   894
        Lair:6 |       0 |   21817 |   0.0 |       0 |      62 |   0.0 |  1215
       Swamp:1 |       0 |   17615 |   0.0 |       0 |      52 |   0.0 |  1143
       Swamp:2 |       0 |   18701 |   0.0 |       0 |      45 |   0.0 |  1179
       Swamp:3 |       0 |    9756 |   0.0 |       0 |      29 |   0.0 |   763
       Swamp:4 |       0 |   41587 |   0.0 |       0 |      76 |   0.0 |  1393
      Spider:1 |       0 |   24904 |   0.0 |       0 |      97 |   0.0 |  1564
      Spider:2 |       0 |   20438 |   0.0 |       0 |      43 |   0.0 |  1090
      Spider:3 |       0 |   14848 |   0.0 |       0 |      41 |   0.0 |   968
      Spider:4 |       0 |   36618 |   0.0 |       0 |      77 |   0.0 |  1163
         Orc:1 |       0 |    1293 |   0.0 |       0 |      12 |   0.0 |   444
         Orc:2 |       0 |   13192 |   0.0 |       0 |      63 |   0.0 |  1503
       Abyss:2 |    7928 |    6097 |  56.5 |      21 |      14 |  60.0 |   457
               +---------+---------+-------+---------+---------+-------+---------
